 Dungeon Crawl Stone Soup version 0.27.1-4-g1640c2035a (webtiles) character file.

Game seed: 1069226281230115193

146 curiousnu the Chopper (level 5, -2/39 HPs)
             Began as a Demonspawn Gladiator on Nov 12, 2021.
             Slain by a gnoll (5 damage)
             ... on level 3 of the Dungeon.
             The game lasted 00:03:59 (2332 turns).

curiousnu the Chopper (Demonspawn Gladiator)        Turns: 2332, Time: 00:04:00

Health: -2/39      AC:  5    Str: 15    XL:     5   Next: 7%
Magic:  5/5        EV: 11    Int: 10    God:
Gold:   130        SH:  0    Dex: 14    Spells: 4/4 levels left

rFire    . . .     SeeInvis .   a - +0 war axe
rCold    . . .     Faith    .   (no shield)
rNeg     . . .     Spirit   .   h - +0 ring mail
rPois    .         Reflect  .   (helmet restricted)
rElec    .         Harm     .   (no cloak)
rCorr    .         Rampage  .   (no gloves)
Will     .....                  (no boots)
Stlth    +.........             (no amulet)
HPRegen  0.13/turn              (no ring)
MPRegen  0.09/turn              (no ring)

@: no status effects
A: horns 1
a: no special abilities


You were on level 3 of the Dungeon.
You visited 1 branch of the dungeon, and saw 3 of its levels.

You collected 130 gold pieces.

Inventory:

Hand Weapons
 a - a +0 war axe (weapon)
Missiles
 d - 3 throwing nets (quivered)
Armour
 b - a +0 leather armour
 c - a +0 helmet
 h - a +0 ring mail (worn)
Jewellery
 l - a ring of ice
Scrolls
 e - a scroll of teleportation {unknown}
 f - a scroll of identify {unknown}
Potions
 g - a potion of flight {unknown}
 i - a potion of heal wounds {unknown}
 j - a potion of curing {unknown}
 k - a potion of berserk rage {unknown}


   Skills:
 + Level 2.7 Fighting
 + Level 4.1 Axes
 + Level 1.8 Throwing
 + Level 1.5 Armour
 + Level 3.2 Dodging
 + Level 0.3 Stealth


You had 4 spell levels left.
You didn't know any spells.
Your spell library contained the following spells:

 Spells                   Type           Power      Damage    Failure   Level
 Call Canine Familiar     Summ           0%         N/A       91%         3
 Portal Projectile        Hex/Tloc       0%         N/A       91%         3
 Leda's Liquefaction      Hex/Erth       0%         N/A       100%        4


Dungeon Overview and Level Annotations

Branches:
Dungeon (3/15)

Altars:


Innate Abilities, Weirdness & Mutations

You have a pair of small horns on your head.


Message History

There is an open door here.
A rat comes into view.
You slash the rat!
You kill the rat!
You see here a rat corpse.
A rat and a quokka come into view.
The rat closely misses you.
You hit the rat.
The rat is severely wounded.
The rat bites you but does no damage. The rat closely misses you.
You slash the rat!
You kill the rat!
You see here a rat corpse.
You barely miss the quokka. Your headbutt misses the quokka.
The quokka closely misses you.
You miss the quokka. The quokka bites you. x2
You barely miss the quokka. The quokka closely misses you.
You slash the quokka!
You kill the quokka!
A gnoll is nearby!
The gnoll shouts!
The gnoll shouts!
An endoplasm comes into view.
A bat comes into view.
A dart slug comes into view.
You hit the gnoll.
The gnoll is moderately wounded.
The gnoll hits you with a +0 flail of holy wrath!
You convulse!
The bat hits you but does no damage.
You hit the gnoll.
The gnoll is moderately wounded.
You hit the bat. The bat closely misses you.
The bat hits you but does no damage.
The gnoll hits you from afar with a +0 spear!
The gnoll hits you with a +0 flail of holy wrath.
* * * LOW HITPOINT WARNING * * *
You convulse!
* * * LOW HITPOINT WARNING * * *
The bat closely misses you.
The gnoll hits you with a +0 flail of holy wrath.
You die...

#.##..............
#'#..#............
#...##.........# .
#######.......## ..
##......# ...
##.....# ....
##......## .....
#...†....####......
#.........@bgJ.....
#..........g...w...
##..##..........##.
##. #..........#
##..............
#.......#.......
#.#....###.....#
#....... ....##


You could see 2 gnolls, a dart slug, an endoplasm and a bat.

Vanquished Creatures
  4 gnolls (D:2)
  5 adders
  A worm (D:2)
  3 ball pythons
  3 bats
  6 endoplasms
  3 giant cockroaches
  7 goblins
  2 hobgoblins
  4 jackals (D:1)
  6 kobolds
  4 quokkas
  3 frilled lizards (D:1)
  10 rats
61 creatures vanquished.

Notes
Turn   | Place    | Note
-------+----------+-------------------------------------------
     0 | D:1      | curiousnu the Demonspawn Gladiator began the quest for the
                  | Orb.
     0 | D:1      | Reached XP level 1. HP: 16/16 MP: 1/1
    57 | D:1      | Reached skill level 3 in Axes
    62 | D:1      | Gained mutation: You have a pair of small horns on your
                  | head. [demonic ancestry]
    62 | D:1      | Reached XP level 2. HP: 17/23 MP: 2/2
   740 | D:1      | Reached XP level 3. HP: 28/28 MP: 3/3
  1331 | D:3      | Reached XP level 4. HP: 33/34 MP: 4/4
  1449 | D:2      | Reached skill level 1 in Armour
  1895 | D:2      | Reached skill level 4 in Axes
  2182 | D:3      | Reached XP level 5. HP: 35/39 MP: 5/5
  2332 | D:3      | Slain by a gnoll

Illustrated notes

Levels and vault maps discovered:
D:1:      evilmike_arrival_hilbert_curve, layout_loops_ring,
          amcnicky_mini_pool_small
D:2:      layout_basic
D:3:      layout_basic, grunt_ministairs_14, kennysheep_decorative_pillar

Skill      XL: |  1  2  3  4 |
---------------+-------------+-----
Axes           | 3 4 |  4.1
Dodging        | 3 |  3.2
Armour         | 1 |  1.5
Fighting       | |  2.7
Throwing       | |  1.8
Stealth        | |  0.3

Action                   |  1- 3 |  4- 6 || total
-------------------------+-------+-------++-------
Melee: War axe           |    80 |    54 ||   134
       Headbutt          |    15 |     7 ||    22
Armor: Leather armour    |     4 |       ||     4
       Ring mail         |    21 |    16 ||    37
Dodge: Dodged            |    65 |    43 ||   108
